[Event "Titled Tuesday Blitz January 31 Late 2023"]
[White "Karolczuk, Iwo"]
[Black "Bayo Milagro, Alvaro"]
[WhiteFideId "21816972"]
[BlackFideId "22275240"]
[WhiteElo "2343"]
[BlackElo "2287"]
[Result "1/2-1/2"]
[Round "04"]
[TimeControl "180+2"]
[Date "2023.01.31"]
[WhiteClock "0:00:04"]
[BlackClock "0:00:08"]

1. e4 e5 2. Nf3 Nc6 3. Bb5 a6 4. Ba4 Nf6 5. d3 d6 6. c3 g6 7. h3 Bg7 8. O-O O-O 9. Re1 Bd7 10. d4 Re8 11. d5 Ne7 12. Bxd7 Nxd7 13. c4 h6 14. Nc3 a5 15. Rb1 Rf8 16. a3 f5 17. b4 axb4 18. axb4 Nf6 19. Qd3 Qd7 20. c5 fxe4 21. Nxe4 Nfxd5 22. cxd6 cxd6 23. Rd1 Kh8 24. Qb3 Qe6 25. Nc3 Nf4 26. Qxe6 Nxe6 27. Rxd6 Nd4 28. Nxd4 exd4 29. Ne4 Rad8 30. Re6 Nf5 31. Rxg6 Rfe8 32. f3 d3 33. Bd2 Kh7 34. Rg4 Nd4 35. Kf1 Re7 36. Rf4 Rc7 37. Rd1 Rc2 38. Rf7 Kg6 39. Rxb7 Nf5 40. g4 Nd4 41. Kf2 Rf8 42. f4 Rxf4+ 43. Kg3 Rxe4 44. Rb6+ Kh7 45. Bxh6 Bxh6 46. Rxd3 Ne2+ 47. Kh4 Rc7 48. Rdd6 Bg7 49. Kh5 Nf4+ 50. Kh4 Ng2+ 51. Kg3 Ne3 52. Kf3 Re8 53. g5 Nc4 54. g6+ Kg8 55. Re6 Rxe6 56. Rxe6 Ne5+ 57. Ke4 Kf8 58. h4 Rb7 59. h5 Rxb4+ 60. Kf5 Rh4 61. Kg5 Nf3+ 62. Kf5 Nd4+ 63. Kg5 Nxe6+ 64. Kxh4 Bh6 65. Kg4 Ke7 66. Kf5 Ng7+ 67. Kg4 Kf6 68. Kh4 Kf5 69. Kh3 Kg5 70. Kg3 Nxh5+ 71. Kf3 Kxg6 72. Ke4 Nf6+ 73. Ke5 Bg5 74. Ke6 Ng4 75. Kd5 Kf5 76. Kd4 Bf6+ 77. Kd5 Ne3+ 78. Kd6 Ke4 79. Ke6 Be5 80. Kd7 Kd5 81. Ke7 Ng2 82. Kd7 Nf4 83. Ke7 Bd6+ 84. Kd7 Nd3 85. Kd8 Ke6 86. Kc8 Nc5 87. Kd8 Bf8 88. Ke8 Bd6 89. Kd8 Kd5 90. Kc8 Kc6 91. Kd8 Bc7+ 92. Ke7 Nb7 93. Ke6 Bd6 94. Kf7 Kd7 95. Kf6 Nd8 96. Kf5 Kc6 97. Ke4 Nf7 98. Kd4 Ne5 99. Ke4 Kc5 100. Ke3 Kd5 101. Kf4 Nd3+ 102. Kf5 Be5 103. Kg5 Ke4 104. Kg6 Nf4+ 105. Kf7 Kf5 106. Ke7 Ng6+ 107. Kd7 Kf6 108. Kc6 Ke6 109. Kc5 Nf4 110. Kc6 Bd6 111. Kb5 Kd5 112. Kb6 Bc5+ 113. Kc7 Ng6 114. Kd7 Bd6 115. Kd8 Ne5 116. Kc8 Kc6 117. Kd8 Ng4 118. Kc8 Nh6 119. Kd8 Nf5 120. Kc8 Be7 121. Kb8 Nd6 1/2-1/2


[Site "https://www.chess.com"]

[Event "Titled Tuesday Blitz January 31 Late 2023"]
[White "Bryakin, Mikhail"]
[Black "Moral Garcia, Serafin"]
[WhiteFideId "4165314"]
[BlackFideId "2201925"]
[WhiteElo "2455"]
[BlackElo "2238"]
[Result "1-0"]
[Round "04"]
[TimeControl "180+2"]
[Date "2023.01.31"]
[WhiteClock "0:01:06"]
[BlackClock "0:00:08"]

1. e4 e5 2. d4 exd4 3. Qxd4 Nc6 4. Qd3 Nf6 5. Nc3 Bb4 6. Ne2 O-O 7. Bg5 h6 8. Bh4 Ne5 9. Qg3 Ng6 10. O-O-O Bxc3 11. Nxc3 Nxe4 12. Bxd8 Nxg3 13. hxg3 Rxd8 14. Nb5 c6 15. Nd6 Nf8 16. Bc4 Ne6 17. f4 b5 18. Bb3 a5 19. a3 Ba6 20. Rhe1 Kf8 21. f5 Ng5 22. Re3 Rab8 23. Rde1 f6 24. c3 Bb7 25. a4 bxa4 26. Bc4 Ba8 27. R1e2 c5 28. g4 Bc6 29. Kc2 Ba8 30. Re7 Bc6 31. Kc1 Ba8 32. R7e3 Bc6 33. Kd1 Ba8 34. Ke1 Bc6 35. Kf2 Ba8 36. Kg3 Bc6 37. Kh4 Ba8 38. Kh5 Bc6 39. Kg6 Ba8 40. Re7 Ne6 41. Rf7+ 1-0


[Site "https://www.chess.com"]

[Event "Titled Tuesday Blitz January 31 Late 2023"]
[White "Richter, Paul"]
[Black "Trost, Edvin"]
[WhiteFideId "2046350"]
[BlackFideId "1729519"]
[WhiteElo "2171"]
[BlackElo "2399"]
[Result "1-0"]
[Round "04"]
[TimeControl "180+2"]
[Date "2023.01.31"]
[WhiteClock "0:00:26"]
[BlackClock "0:00:45"]

1. e4 c6 2. Nc3 Qa5 3. Nf3 Qh5 4. Be2 f6 5. Nd4 Qf7 6. Nf3 Kd8 7. d4 Qe8 8. h4 d6 9. Bf4 Kc7 10. a4 e5 11. Bg3 Bg4 12. dxe5 dxe5 13. Nxe5 fxe5 14. Bxg4 Bd6 15. Qd3 Na6 16. Qc4 Nf6 17. Nb5+ Kb8 18. Nxd6 Qe7 19. Nf5 Qc7 20. Bf3 g6 21. Ne3 Re8 22. O-O-O Qe7 23. Ng4 Nxg4 24. Bxg4 Nc5 25. h5 a5 26. hxg6 hxg6 27. Rh6 Ra6 28. Kb1 Rb6 29. c3 Na6 30. Rxg6 Qa3 31. Rd2 Ka7 32. f3 Rd8 33. Bf2 c5 34. Rxb6 1-0


[Site "https://www.chess.com"]

[Event "Titled Tuesday Blitz January 31 Late 2023"]
[White "Kim, Sergey"]
[Black "Paveto, Kevin"]
[WhiteFideId "13700570"]
[BlackFideId "173444"]
[WhiteElo "2295"]
[BlackElo "2427"]
[Result "1-0"]
[Round "04"]
[TimeControl "180+2"]
[Date "2023.01.31"]
[WhiteClock "0:00:49"]
[BlackClock "0:00:27"]

1. d4 Nf6 2. c4 g6 3. Nc3 d5 4. cxd5 Nxd5 5. e4 Nxc3 6. bxc3 Bg7 7. Bc4 O-O 8. Ne2 c5 9. O-O b6 10. Be3 Bb7 11. Ng3 cxd4 12. cxd4 Nc6 13. e5 Rc8 14. Rc1 Na5 15. Bd3 Qd5 16. Be4 Qd7 17. Bxb7 Qxb7 18. Qg4 Nc4 19. Bg5 b5 20. Qh4 f6 21. exf6 exf6 22. Bh6 f5 23. Bxg7 Qxg7 24. Qf4 Rcd8 25. Rfd1 Rd5 26. h4 Rfd8 27. a4 a6 28. axb5 axb5 29. h5 Rxd4 30. Rxd4 Qxd4 31. Qc7 Qd6 32. Qb7 Rb8 33. Qa7 Re8 34. h6 Qe7 35. Qa6 Qg5 36. Rd1 f4 37. Ne4 Rxe4 38. Qa8+ Kf7 39. Qxe4 Ne5 40. Qb7+ Kf6 41. Rd6+ Kf5 42. Qc8+ Ke4 43. Qc2+ 1-0


[Site "https://www.chess.com"]

[Event "Titled Tuesday Blitz January 31 Late 2023"]
[White "Fernandez Guillen, Ernesto J."]
[Black "O`Gorman, Tom"]
[WhiteFideId "3512428"]
[BlackFideId "2508249"]
[WhiteElo "2477"]
[BlackElo "2355"]
[Result "1-0"]
[Round "04"]
[TimeControl "180+2"]
[Date "2023.01.31"]
[WhiteClock "0:00:06"]
[BlackClock "0:00:13"]

1. e4 e5 2. Nf3 Nc6 3. d4 exd4 4. Bc4 Bc5 5. O-O d6 6. c3 Bg4 7. Be2 dxc3 8. Nxc3 Nf6 9. h3 Bxf3 10. Bxf3 h6 11. a3 O-O 12. b4 Bb6 13. Bb2 Re8 14. Rc1 Nd4 15. Re1 Nxf3+ 16. Qxf3 c6 17. Rcd1 Qe7 18. Qg3 Rad8 19. Kh2 Bc7 20. Nd5 Nxd5 21. exd5 Qg5 22. Qxg5 hxg5 23. dxc6 bxc6 24. Rxe8+ Rxe8 25. Rc1 d5+ 26. Kg1 Bf4 27. Rd1 Re2 28. Bd4 a6 29. g3 Rd2 30. Rxd2 Bxd2 31. Kf1 f6 32. Ke2 Bc1 33. a4 Kf7 34. Kd3 Ke6 35. Kc2 Ba3 36. Kb3 Bc1 37. Bc3 Kf5 38. Kc2 Ba3 39. Bd2 c5 40. b5 axb5 41. axb5 c4 42. b6 Bd6 43. b7 Bb8 44. Be3 Ke4 45. Kc3 Be5+ 46. Kb4 d4 47. Bc1 c3 48. f4 Bb8 49. fxg5 fxg5 50. Bxg5 Kd3 51. g4 c2 52. Kb3 Bc7 53. h4 Bb8 54. h5 Ke4 55. Kxc2 Kf3 56. h6 gxh6 57. Bxh6 Kxg4 58. Kd3 Kf5 59. Kxd4 Ke6 60. Kc5 Kd7 61. Kb6 Kd8 62. Bd2 Kd7 63. Bc1 Kd8 64. Kc6 Be5 65. Bd2 Bb8 66. Ba5+ Ke7 67. Bc7 Ba7 68. Bd6+ Kd8 69. Be5 Ke8 70. Kc7 Ke7 71. Kc8 Ke8 72. Bd4 1-0


[Site "https://www.chess.com"]

[Event "Titled Tuesday Blitz January 31 Late 2023"]
[White "Timmermans, Mark"]
[Black "Reprintsev, Alexander"]
[WhiteFideId "1026399"]
[BlackFideId "14100541"]
[WhiteElo "2392"]
[BlackElo "2253"]
[Result "1-0"]
[Round "04"]
[TimeControl "180+2"]
[Date "2023.01.31"]
[WhiteClock "0:00:53"]
[BlackClock "0:00:04"]

1. e4 d5 2. exd5 Qxd5 3. Nc3 Qa5 4. b4 Qxb4 5. Rb1 Qd6 6. Nf3 Nf6 7. Bc4 e6 8. O-O a6 9. a4 Nc6 10. d4 Be7 11. h3 O-O 12. Bd3 Rd8 13. Bb2 Nxd4 14. Nxd4 Qxd4 15. Ne4 Qxe4 16. Bxf6 gxf6 17. Bxe4 Rxd1 18. Rfxd1 Rb8 19. a5 b5 20. axb6 cxb6 21. c4 f5 22. Bd3 Kf8 23. Be2 Ke8 24. Rb3 Bc5 25. Rg3 Bb7 26. Rg8+ Bf8 27. c5 bxc5 28. Rb1 Ke7 29. Bxa6 Bxa6 30. Rxb8 Bh6 31. Rb6 Bd3 32. Rc8 c4 33. Rc7+ Kf6 34. Rbb7 Bd2 35. Rxf7+ Ke5 36. Rbd7 f4 37. Rf8 Bb4 38. Rc8 f3 39. gxf3 Ba3 40. Kg2 Bb2 41. Rcd8 Bf5 42. Rc7 c3 43. h4 h5 44. Kf1 Kf4 45. Ke2 Ke5 46. Rdc8 Kd4 47. Rc4+ Kd5 48. Rxc3 Bxc3 49. Rxc3 Ke5 50. Ke3 Kd5 51. Ra3 Ke5 52. Ra5+ Kf6 53. Kf4 1-0


[Site "https://www.chess.com"]

[Event "Titled Tuesday Blitz January 31 Late 2023"]
[White "Rakhmatullaev, Almas"]
[Black "Slade, Theodore"]
[WhiteFideId "14205793"]
[BlackFideId "426547"]
[WhiteElo "2275"]
[BlackElo "1995"]
[Result "1-0"]
[Round "04"]
[TimeControl "180+2"]
[Date "2023.01.31"]
[WhiteClock "0:02:43"]
[BlackClock "0:01:28"]

1. e4 e5 2. Nf3 Nc6 3. d4 exd4 4. Nxd4 Nf6 5. Nc3 Bb4 6. Nxc6 bxc6 7. Qd4 c5 8. Qe5+ Qe7 9. Qxe7+ Kxe7 10. Bd2 d6 11. f3 Re8 12. a3 Bxc3 13. Bxc3 d5 14. Bb5 Bd7 15. Bxf6+ gxf6 16. Bxd7 Kxd7 17. O-O-O d4 18. c3 Ke6 19. cxd4 cxd4 20. Rxd4 Rad8 21. Rhd1 Rxd4 22. Rxd4 Rg8 23. g3 Rb8 24. Ra4 Rb7 25. Kc2 c5 26. Kc3 f5 27. exf5+ Kxf5 28. Ra5 Rc7 29. Kc4 Ke6 30. Rxc5 Rd7 31. Kc3 Rd1 32. Rh5 Rc1+ 33. Kb3 Rf1 34. f4 1-0


[Site "https://www.chess.com"]

[Event "Titled Tuesday Blitz January 31 Late 2023"]
[White "Poltorak, Sebastian"]
[Black "Santos Ruiz, Miguel"]
[WhiteFideId "1199498"]
[BlackFideId "22291482"]
[WhiteElo "2354"]
[BlackElo "2590"]
[Result "0-1"]
[Round "04"]
[TimeControl "180+2"]
[Date "2023.01.31"]
[WhiteClock "0:00:06"]
[BlackClock "0:00:52"]

1. e4 c5 2. Nc3 e6 3. Nge2 a6 4. g3 b5 5. Bg2 Bb7 6. O-O Nc6 7. d3 g6 8. Be3 d6 9. d4 cxd4 10. Nxd4 Bg7 11. e5 d5 12. f4 Nxd4 13. Bxd4 Ne7 14. Ne2 O-O 15. b4 Rc8 16. Bc5 Rxc5 17. bxc5 Qc7 18. Qd4 Rc8 19. a4 Nf5 20. Qc3 Bf8 21. axb5 Bxc5+ 22. Kh1 axb5 23. Rfb1 Ne3 24. Qd3 d4 25. Rg1 Bb6 26. Rac1 Bxg2+ 27. Rxg2 Qb7 28. Rg1 Rxc2 29. h3 Qf3 30. Kh2 Ng4+ 0-1


[Site "https://www.chess.com"]

[Event "Titled Tuesday Blitz January 31 Late 2023"]
[White "Hambleton, Aman"]
[Black "ArchibaldCerveza29"]
[WhiteFideId "2606577"]
[WhiteElo "2420"]
[BlackElo "2532"]
[Result "1-0"]
[Round "04"]
[TimeControl "180+2"]
[Date "2023.01.31"]
[WhiteClock "0:00:05"]
[BlackClock "0:00:41"]

1. d4 d5 2. Bf4 c5 3. e3 Nc6 4. c3 Nf6 5. Nd2 g6 6. Ngf3 Bg7 7. h3 Qb6 8. Qb3 c4 9. Qxb6 axb6 10. a3 b5 11. Rc1 h6 12. Ne5 g5 13. Bh2 Bf5 14. g4 Bh7 15. f4 Ne4 16. f5 Nxd2 17. Kxd2 e6 18. e4 dxe4 19. Nxc6 bxc6 20. fxe6 fxe6 21. Bg2 Rf8 22. Ke3 Ke7 23. Rcf1 c5 24. dxc5 e5 25. Bxe4 Bxe4 26. Kxe4 Ke6 27. Bg3 Rad8 28. Rxf8 Rxf8 29. Rd1 Rc8 30. Rd6+ Ke7 31. Kd5 Bf8 32. Bxe5 Kf7 33. Rd7+ Ke8 34. c6 Be7 35. Bd6 Bf6 36. Rh7 Rd8 37. Ke6 b4 38. axb4 h5 39. c7 Rc8 40. Kxf6 h4 41. Ke6 Rxc7 42. Rh8# 1-0


[Site "https://www.chess.com"]

[Event "Titled Tuesday Blitz January 31 Late 2023"]
[White "Mekhitarian, Krikor Sevag"]
[Black "Dobrikov, Marco"]
[WhiteFideId "2107660"]
[BlackFideId "12950378"]
[WhiteElo "2537"]
[BlackElo "2269"]
[Result "0-1"]
[Round "04"]
[TimeControl "180+2"]
[Date "2023.01.31"]
[WhiteClock "0:00:03"]
[BlackClock "0:00:12"]

1. e4 c5 2. Nf3 e6 3. d4 cxd4 4. Nxd4 a6 5. Bd3 b5 6. O-O Bb7 7. a4 b4 8. Nd2 Nf6 9. Re1 Qc7 10. e5 Nc6 11. N4f3 Ng4 12. Nc4 h5 13. Bf4 a5 14. h3 Nh6 15. Nd6+ Bxd6 16. exd6 Qd8 17. Ng5 Ng8 18. Qe2 Nf6 19. Rad1 Nd5 20. Bc1 Qf6 21. Ne4 Qe5 22. Nc5 Qxe2 23. Bxe2 O-O-O 24. Bf3 Nb6 25. Nxb7 Kxb7 26. b3 Rc8 27. Bb2 f6 28. Re4 Nd5 29. Rh4 Nc3 30. Rd3 Kb6 31. Bxc3 bxc3 32. Rxc3 Ne5 33. Rxc8 Rxc8 34. Bd1 g6 35. Rd4 Rc3 36. f4 Kc5 37. Rd2 Nc6 38. Be2 Nd4 39. Bd3 f5 40. Kf2 Kxd6 41. Bxf5 gxf5 42. Rxd4+ Kc5 43. Rd2 h4 44. Ke2 d5 45. Kd1 Rg3 46. Re2 Kd6 47. Ke1 Rc3 48. Kd2 Rg3 49. Ke1 d4 50. Kf2 Rc3 51. Rd2 Kd5 52. Re2 Kd6 53. Ke1 Rg3 54. Kf1 Rc3 55. Kf2 Kd5 56. Re5+ Kd6 57. Rxa5 Rxc2+ 58. Ke1 Rxg2 59. Re5 Rg3 60. a5 Rxb3 61. Kd2 Rxh3 62. Rb5 Ra3 63. Kc2 h3 64. Rb6+ Kd5 0-1


[Site "https://www.chess.com"]

[Event "Titled Tuesday Blitz January 31 Late 2023"]
[White "Ozates, Tuna"]
[Black "Preotu, Razvan"]
[WhiteFideId "6354521"]
[BlackFideId "2613280"]
[WhiteElo "2251"]
[BlackElo "2475"]
[Result "1/2-1/2"]
[Round "04"]
[TimeControl "180+2"]
[Date "2023.01.31"]
[WhiteClock "0:02:20"]
[BlackClock "0:02:27"]

1. e4 c5 2. Nf3 d6 3. Bb5+ Nd7 4. Ba4 Nf6 5. O-O e6 6. Re1 Be7 7. c4 O-O 8. Nc3 Ne5 9. d3 Nxf3+ 10. Qxf3 a6 11. a3 Rb8 12. Bf4 Bd7 1/2-1/2


[Site "https://www.chess.com"]

[Event "Titled Tuesday Blitz January 31 Late 2023"]
[White "Gurevich, Dmitry"]
[Black "Jaracz, Pawel"]
[WhiteFideId "2000407"]
[BlackFideId "1102222"]
[WhiteElo "2393"]
[BlackElo "2467"]
[Result "0-1"]
[Round "04"]
[TimeControl "180+2"]
[Date "2023.01.31"]
[WhiteClock "0:00:01"]
[BlackClock "0:00:02"]

1. d4 Nf6 2. c4 g6 3. Nc3 d5 4. Nf3 Bg7 5. cxd5 Nxd5 6. Bd2 Nb6 7. Bg5 h6 8. Bf4 c5 9. dxc5 N6d7 10. Rc1 Na6 11. c6 bxc6 12. e3 O-O 13. Qa4 Nac5 14. Qa3 Qb6 15. Be2 e5 16. Bg3 a5 17. O-O Qb4 18. Rfd1 Re8 19. Nd2 Bf8 20. Nc4 Ba6 21. Nd6 Bxd6 22. Rxd6 Ra7 23. Rxc6 Bxe2 24. Nxe2 Qxa3 25. bxa3 Ne4 26. f3 Nxg3 27. Nxg3 Rb8 28. Ne4 Kg7 29. Rc7 Rbb7 30. Rxb7 Rxb7 31. h4 Nf8 32. Rc5 f6 33. Rxa5 Ne6 34. Ra6 Nc7 35. Rxf6 Nd5 36. Re6 Nxe3 37. Rxe5 Rb2 38. g4 Nc4 39. Re7+ Kf8 40. Rc7 Ne5 41. Rc3 Rxa2 42. Kf1 Ke7 43. Ke1 Ke6 44. Kd1 Kd5 45. Kc1 Kd4 46. Rb3 Nc4 47. Rb4 Ra1+ 48. Rb1 Rxa3 49. Rb4 Ra1+ 50. Rb1 Rxb1+ 51. Kxb1 Ke3 52. h5 g5 53. Nf6 Kxf3 54. Ng8 Kxg4 55. Nxh6+ Kxh5 56. Nf5 g4 57. Ng3+ Kh4 58. Ne2 Kh3 59. Kc2 Kg2 60. Kd3 Kf2 61. Nf4 Nb2+ 62. Ke4 g3 63. Nh3+ Ke2 0-1


[Site "https://www.chess.com"]

[Event "Titled Tuesday Blitz January 31 Late 2023"]
[White "Karas, Marek"]
[Black "Averjanov, Alexey"]
[WhiteFideId "14928558"]
[BlackFideId "14109867"]
[WhiteElo "2227"]
[BlackElo "2399"]
[Result "1/2-1/2"]
[Round "04"]
[TimeControl "180+2"]
[Date "2023.01.31"]
[WhiteClock "0:00:31"]
[BlackClock "0:00:53"]

1. d4 d5 2. Nf3 Nf6 3. c4 dxc4 4. e3 e6 5. Bxc4 a6 6. Be2 b5 7. b3 Bb7 8. Bb2 Nbd7 9. O-O c5 10. Nbd2 Be7 11. a4 b4 12. Nc4 Qc7 13. Rc1 O-O 14. Nfe5 Rfd8 15. Bf3 Rac8 16. Bxb7 Qxb7 17. Qf3 Qxf3 18. gxf3 cxd4 19. Bxd4 Nxe5 20. Nxe5 Nd5 21. Nc6 Re8 22. Nxe7+ Nxe7 23. Bc5 Nd5 24. Kg2 a5 25. Bd4 Kf8 26. f4 f6 27. Kf3 Ke7 28. Ke2 Kd6 29. Kd2 e5 30. fxe5+ fxe5 31. Bb2 g6 32. Rxc8 Rxc8 33. Rc1 Rxc1 34. Bxc1 e4 35. Bb2 Ke6 36. Bd4 Kf5 37. Ke2 Kg4 38. Be5 h5 39. Bd6 h4 40. Be5 g5 41. Bd6 Kh3 42. Kf1 Kg4 43. Ke2 Nc3+ 44. Kf1 Nb1 45. Ke2 Nc3+ 46. Kf1 Nd5 47. Ke2 1/2-1/2


[Site "https://www.chess.com"]

[Event "Titled Tuesday Blitz January 31 Late 2023"]
[White "Winterberg, Lukas"]
[Black "Stoyanov, Tsvetan"]
[WhiteFideId "24622702"]
[BlackFideId "2917173"]
[WhiteElo "2402"]
[BlackElo "2454"]
[Result "0-1"]
[Round "04"]
[TimeControl "180+2"]
[Date "2023.01.31"]
[WhiteClock "0:00:10"]
[BlackClock "0:00:13"]

1. c4 e5 2. g3 Nf6 3. Bg2 d5 4. cxd5 Nxd5 5. Nc3 Nb6 6. d3 Be7 7. Nf3 Nc6 8. O-O O-O 9. Rb1 Be6 10. a3 a5 11. Na4 Nd5 12. Nd2 f6 13. Ne4 Bf7 14. Bd2 Nd4 15. e3 Nxe3 16. fxe3 Bb3 17. Qe1 Nc2 18. Qc1 Bxa4 19. b3 Nxa3 20. bxa4 Nxb1 21. Qc4+ Kh8 22. Rxb1 Qc8 23. h3 Rd8 24. Kh2 c6 25. Nf2 Qd7 26. Qh4 f5 27. Qc4 Bd6 28. e4 f4 29. Bf3 Rf8 30. Bg4 Qe7 31. gxf4 exf4 32. Bf3 Qh4 33. Nh1 Rf6 34. Be1 Qg5 35. Bf2 Rh6 36. Rg1 Qe7 37. d4 Qd7 38. Bg4 f3+ 39. Bg3 Qxg4 40. Nf2 Bxg3+ 41. Rxg3 Qf4 42. d5 Rg6 43. Nh1 f2 44. Qf1 h5 45. h4 Qxh4+ 46. Kg2 Qxe4+ 47. Kh2 Qf4 48. Kg2 Rxg3+ 49. Nxg3 h4 50. Ne2 Qg4+ 51. Kh2 cxd5 52. Qxf2 Re8 53. Ng1 Qg3+ 54. Qxg3 hxg3+ 55. Kxg3 Re4 56. Nf3 Rxa4 57. Ng5 Rb4 58. Nf7+ Kg8 59. Nd6 a4 60. Nf5 a3 61. Ne7+ Kf7 62. Nxd5 Rb3+ 63. Kf4 a2 64. Ne3 Rxe3 65. Kxe3 a1=Q 66. Ke4 b6 67. Kd5 b5 68. Kc6 Qe5 69. Kb7 b4 70. Kc6 b3 71. Kd7 b2 72. Kc6 b1=Q 73. Kd7 Qb7+ 74. Kd8 Qe8# 0-1


[Site "https://www.chess.com"]

[Event "Titled Tuesday Blitz January 31 Late 2023"]
[White "Harshavardhan G B"]
[Black "Novikov, Evgenij"]
[WhiteFideId "25059009"]
[BlackFideId "4125380"]
[WhiteElo "2408"]
[BlackElo "2276"]
[Result "1-0"]
[Round "04"]
[TimeControl "180+2"]
[Date "2023.01.31"]
[WhiteClock "0:01:01"]
[BlackClock "0:00:02"]

1. e4 c6 2. d4 d5 3. exd5 cxd5 4. c4 e6 5. Nc3 Nf6 6. Nf3 Bb4 7. cxd5 exd5 8. Bg5 O-O 9. Be2 h6 10. Bh4 Be6 11. O-O Be7 12. Ne5 Nc6 13. f4 Ne4 14. Bxe7 Nxe7 15. Bd3 f5 16. Ne2 Qb6 17. b3 Rac8 18. Rc1 Rxc1 19. Qxc1 Rc8 20. Qb2 Nc6 21. Rc1 Nb4 22. Rxc8+ Bxc8 23. a3 Nc6 24. b4 Be6 25. h3 g5 26. b5 Nxe5 27. fxe5 f4 28. Qb4 Kf7 29. Nc3 a5 30. bxa6 Qxb4 31. axb4 bxa6 32. Nxe4 dxe4 33. Bxe4 h5 34. d5 Bc8 35. Kf2 g4 36. hxg4 hxg4 37. Ke2 Ke7 38. Kd3 Kd8 39. Kd4 Kc7 40. Kc5 Bb7 41. e6 g3 42. d6+ Kb8 43. d7 Kc7 44. Bxb7 1-0


[Site "https://www.chess.com"]

[Event "Titled Tuesday Blitz January 31 Late 2023"]
[White "Cardoso Cardoso, Jose Gabriel"]
[Black "Kleiman, Jake"]
[WhiteFideId "4430492"]
[BlackFideId "2020041"]
[WhiteElo "2492"]
[BlackElo "2399"]
[Result "1/2-1/2"]
[Round "04"]
[TimeControl "180+2"]
[Date "2023.01.31"]
[WhiteClock "0:00:02"]
[BlackClock "0:00:11"]

1. Nf3 Nf6 2. b3 e6 3. Bb2 d5 4. e3 a5 5. a4 Be7 6. g3 O-O 7. Bg2 b6 8. O-O Bb7 9. d3 c5 10. Nbd2 Nc6 11. Qe2 Rc8 12. e4 Re8 13. Rac1 Bf8 14. e5 Nd7 15. h4 Ba6 16. c4 Nb4 17. h5 Bb7 18. Rfd1 Nb8 19. Nf1 N8c6 20. Ne3 Ne7 21. h6 d4 22. Ng4 Nf5 23. hxg7 Bxg7 24. Re1 Na2 25. Rc2 Nb4 26. Rd2 Na2 27. Nfh2 Bxg2 28. Kxg2 h5 29. Nf6+ Bxf6 30. exf6 Qxf6 31. Qxh5 Kg7 32. Ng4 Qg6 33. Qxg6+ Kxg6 34. Rde2 Nb4 35. Rd2 f6 36. Ba3 Nc6 37. Rde2 Kf7 38. Rh1 Rh8 39. Ree1 Rcg8 40. Rxh8 Rxh8 41. Rh1 Rxh1 42. Kxh1 e5 43. Kg2 Ke6 44. f3 Ne3+ 45. Kf2 Nc2 46. Bc1 f5 47. Nh2 N2b4 48. Ke2 Kf6 49. g4 f4 50. Nf1 Kg5 51. Nd2 Kg6 52. Ne4 Na6 53. Bd2 Nc7 54. Nd6 Ne7 55. Be1 Ne6 56. Ne4 Ng5 57. Nd6 Nf7 58. Ne4 Nc6 59. Nd2 Nb4 60. Bh4 Kg7 61. Ne4 Kg6 62. Be7 Nc6 63. Bd6 Kg7 64. Bc7 Kg6 65. Bxb6 Ng5 66. Nxg5 Kxg5 67. Bxc5 Kg6 68. Bb6 Kg5 69. Bc7 Kf6 70. Bd6 Ke6 71. Bc5 Kd7 72. Kd2 Ke6 73. Kc2 Kf6 74. b4 axb4 75. Kb3 Kg5 76. Bxb4 Kh4 77. Be1+ Kh3 78. g5 Kg2 79. g6 Kxf3 80. g7 Ne7 81. c5 Ke2 82. c6 Kxe1 83. c7 f3 84. g8=Q f2 85. c8=Q Nxg8 86. Qc1+ Ke2 87. Qc2+ Ke1 88. Qc1+ Ke2 89. Qb2+ Ke1 90. Qc1+ 1/2-1/2


[Site "https://www.chess.com"]

[Event "Titled Tuesday Blitz January 31 Late 2023"]
[White "Golubev, Mikhail"]
[Black "Akobian, Varuzhan"]
[WhiteFideId "14100983"]
[BlackFideId "13300580"]
[WhiteElo "2461"]
[BlackElo "2591"]
[Result "0-1"]
[Round "04"]
[TimeControl "180+2"]
[Date "2023.01.31"]
[WhiteClock "0:00:02"]
[BlackClock "0:00:06"]

1. e4 d6 2. d4 Nf6 3. Nc3 c6 4. f4 Qa5 5. Bd3 e5 6. Nf3 exd4 7. Nxd4 Qb6 8. Be2 g6 9. a3 Bg7 10. Be3 Qc7 11. O-O O-O 12. Bf3 Re8 13. Re1 Nbd7 14. Kh1 Nc5 15. Bf2 Ne6 16. Nde2 b6 17. Qd2 Bb7 18. Rad1 Rad8 19. Qc1 a6 20. Bh4 Nc5 21. Ng3 Rc8 22. Qd2 Rcd8 23. Qf2 Ncd7 24. Qd2 Nf8 25. Qc1 Rd7 26. f5 d5 27. exd5 Rxe1+ 28. Rxe1 cxd5 29. Nge2 d4 30. Bg3 Qc8 31. Bxb7 Qxb7 32. Nd1 Ne4 33. Qf4 Nxg3+ 34. Nxg3 Re7 0-1


[Site "https://www.chess.com"]

[Event "Titled Tuesday Blitz January 31 Late 2023"]
[White "Grycel, Kamil"]
[Black "Khoroshev, Nikita"]
[WhiteFideId "1115499"]
[BlackFideId "14200287"]
[WhiteElo "2315"]
[BlackElo "2336"]
[Result "0-1"]
[Round "04"]
[TimeControl "180+2"]
[Date "2023.01.31"]
[WhiteClock "0:00:20"]
[BlackClock "0:01:33"]

1. d4 Nf6 2. c4 g6 3. Nf3 Bg7 4. g3 d6 5. Bg2 O-O 6. Nc3 Bf5 7. O-O c6 8. b3 Ne4 9. Bb2 Nxc3 10. Bxc3 Be4 11. Qd2 Nd7 12. Rfd1 d5 13. cxd5 cxd5 14. Rac1 Rc8 15. Bb4 Re8 16. Rxc8 Qxc8 17. Rc1 Qb8 18. Ne1 Bxg2 19. Nxg2 e6 20. e3 Rc8 21. Nf4 Rc6 22. Nd3 Qc8 23. Rxc6 Qxc6 24. Qc3 Qxc3 25. Bxc3 Bf8 26. Bb4 Bg7 27. Kf1 f6 28. Nc5 Nxc5 29. Bxc5 a6 30. Ke2 h6 31. Kd3 Kf7 32. f3 Ke8 33. e4 Kd7 34. g4 h5 35. h3 f5 36. exd5 exd5 37. gxh5 gxh5 38. a4 Kc6 39. Be7 Bh6 40. Bf6 b5 41. Be7 Bf4 42. Kc3 Bg3 43. Bf8 Be1+ 44. Kd3 Kd7 45. Ke3 Ke6 46. Kf4 Bd2+ 47. Kg3 Be3 48. Kh4 Kf7 49. Bc5 Kg6 50. Kg3 Kg5 51. h4+ Kg6 52. f4 bxa4 53. bxa4 Kf7 54. Kf3 Bd2 55. Bd6 Ke6 56. Be5 Be1 57. Ke2 Bxh4 58. Kf3 Be7 59. Kg2 Kd7 60. Kh3 Kc6 61. Bg7 Kb6 62. Bh6 Bf6 63. Bg5 Bxd4 64. Kh4 Be3 65. Kxh5 d4 66. Kg6 d3 67. Bd8+ Kc5 68. Ba5 Bxf4 69. Kxf5 d2 70. Bxd2 Bxd2 71. Ke4 Kc4 72. a5 Bxa5 73. Ke3 Bc3 74. Ke2 Kb3 75. Kd1 Kb2 0-1


[Site "https://www.chess.com"]

[Event "Titled Tuesday Blitz January 31 Late 2023"]
[White "Wieczorek, Oskar"]
[Black "Przybylski, Wojciech"]
[WhiteFideId "1133950"]
[BlackFideId "1117599"]
[WhiteElo "2512"]
[BlackElo "2321"]
[Result "1-0"]
[Round "04"]
[TimeControl "180+2"]
[Date "2023.01.31"]
[WhiteClock "0:00:13"]
[BlackClock "0:00:03"]

1. e4 e5 2. Nf3 Nf6 3. Nc3 Nc6 4. h3 Be7 5. d4 exd4 6. Nxd4 O-O 7. Nxc6 bxc6 8. e5 Ne8 9. Bd3 d5 10. O-O Bc5 11. Na4 Be7 12. Bf4 Rb8 13. b3 f6 14. Qe2 fxe5 15. Bxe5 Nf6 16. Rae1 Bb4 17. c3 Bd6 18. f4 c5 19. c4 Bb7 20. Qf2 Ne4 21. Bxe4 dxe4 22. Qg3 Qe7 23. Bxd6 cxd6 24. Nc3 Rbe8 25. Nd1 d5 26. cxd5 Bxd5 27. Ne3 Bb7 28. f5 Qe5 29. Qxe5 Rxe5 30. Rf2 Rd8 31. g4 Rd3 32. Kg2 h6 33. Kg3 Re8 34. h4 a5 35. Rc2 Rc8 36. Kf4 Kf7 37. Rec1 c4 38. Rxc4 Rxc4 39. Rxc4 Ba6 40. Rc7+ Kf8 41. g5 hxg5+ 42. hxg5 Rd2 43. g6 Rf2+ 44. Ke5 Rf3 45. Nd5 Ke8 46. Rxg7 Bc8 47. Rg8+ Kd7 48. Kxe4 Rf1 49. Nb6+ Ke7 50. Rxc8 Re1+ 51. Kf4 Rf1+ 52. Ke5 Re1+ 53. Kd4 Kf6 54. Nd5+ Kg5 55. g7 Rd1+ 56. Ke5 Re1+ 57. Kd6 1-0


[Site "https://www.chess.com"]

[Event "Titled Tuesday Blitz January 31 Late 2023"]
[White "Costachi, Mihnea"]
[Black "Donskov, Anatoly"]
[WhiteFideId "1217518"]
[BlackFideId "24143413"]
[WhiteElo "2476"]
[BlackElo "2279"]
[Result "0-1"]
[Round "04"]
[TimeControl "180+2"]
[Date "2023.01.31"]
[WhiteClock "0:01:41"]
[BlackClock "0:00:39"]

1. Nc3 c5 2. g3 e6 3. Bg2 Nc6 4. d3 d5 5. Nf3 Nf6 6. O-O d4 7. Nb1 Be7 8. e4 O-O 9. a4 b6 10. Ne1 Bb7 11. f4 Nd7 12. Nf3 f5 13. e5 Nb4 14. Nxd4 Bxg2 15. Nxe6 Qc8 16. Nxf8 Bxf1 17. Nxd7 Bh3 18. e6 Qc6 19. Qe2 Nxc2 20. Qxc2 Qf3 21. Qf2 Qd1+ 22. Qf1 Qxf1# 0-1


[Site "https://www.chess.com"]